Login

Nashville Predators vs Dallas Stars

Created - 09 April 2024 at 23:27

Goals
1 2 3 T
Nashville Predators 2 0 1 3
Dallas Stars 1 2 2 5
Shots
1 2 3 T
Nashville Predators 15 6 11 32
Dallas Stars 9 12 13 34

GoalsPenalties
1st period
1. Dallas Stars , Joe Pavelski 4 (Roope Hintz 7, Jason Robertson 10) at 9:05
2. Nashville Predators , Filip Forsberg 7 (Ryan O'Reilly 8) at 12:55
3. Nashville Predators , Ryan O'Reilly 11 (Colton Sissons 11, Jeremy Lauzon 6) at 17:27
Yakov Trenin (NSH) for Hooking (Minor) at 0:42
2nd period
4. Dallas Stars , Roope Hintz 8 (Jason Robertson 11) at 10:20
5. Dallas Stars , Jason Robertson 12 (Roope Hintz 8, Jani Hakanpaa 2) at 11:28
Alexander Petrovic (DAL) for Hooking (Minor) at 3:08
Nils Lundkvist (DAL) for Roughing (Minor) at 12:30
Jani Hakanpaa (DAL) for Delaying the game (Minor) at 12:42
Ryan Suter (DAL) for Delaying the game (Minor) at 17:37
3rd period
6. Dallas Stars , Nils Lundkvist 1 (Jamie Benn 7, Sam Steel 4) at 8:29
7. Nashville Predators , Ryan O'Reilly 12 (Filip Forsberg 8) at 18:20
8. Dallas Stars , Joe Pavelski 5 (Jason Robertson 12) at 18:56
Alexander Petrovic (DAL) for High sticking (Minor) at 0:22
Luke Schenn (NSH) for Hooking (Minor) at 4:23
Goalie Stats
Juuse Saros (NSH), 29 saves from 34 shots - (0.853), L, 9-6-1, 60:00 minutes
Jake Oettinger (DAL), 29 saves from 32 shots - (0.906), W, 10-4-1, 60:00 minutes
3 StarsOfficial
1 - Jason Robertson (DAL)
2 - Roope Hintz (DAL)
3 - Joe Pavelski (DAL)
Referees : Dan Kelly and Mike Campbell
Linesman : Bryan Pancich and Kory Nagy
Game Note
No Game Note
Finance
Level 1 -- Attendance: 5798 (96.63%) -- Ticket Income $579,800
Level 2 -- Attendance: 4883 (97.66%) -- Ticket Income $292,980
Level 3 -- Attendance: 1976 (98.80%) -- Ticket Income $69,160
Level 4 -- Attendance: 3444 (86.10%) -- Ticket Income $86,100
Luxury Box -- Attendance: 1000 (100.00%) -- Ticket Income $200,000
Game was played at the American Airlines Center.
Total Attendance: 17101 (95.01%)
Total Ticket Income: $1,228,040
Other Income: $601,740
Total Income: $1,829,780



Team Name Goals Shots Shots Attemp Shots Blocked PIM HIT PP PK FO%
Nashville Predators 3327410490 / 5 (0%)059%
Dallas Stars 534681410150 / 2 (0%)041%

Nashville Predators
Player Name POS G A P +/- PIM HIT SHT SB MP PP MP PP SHT PK MP PK SHT FO% FOT GA TA
Alexandre CarrierD0001003110:320:0000:0000% 000
Cody GlassC000-2012012:430:3800:38050% 820
Cole SmithLW000-2000111:580:2600:080100% 100
Colton SissonsRW0110012020:424:2000:00050% 200
Dante FabbroD0001010111:300:0000:5700% 000
Denis GurianovRW000-2000112:020:3800:0000% 200
Filip ForsbergLW1120012023:264:2002:2100% 030
Gustav NyquistC000000105:380:3800:00075% 400
Jeremy LauzonD0110001121:394:2301:3700% 011
Luke EvangelistaRW0000001117:322:5700:0000% 100
Luke SchennD0000211120:414:2300:4000% 000
Mark JankowskiC000000005:090:0000:0000% 000
Michael McCarronRW000000005:220:1300:0000% 001
Roman JosiD000-3016127:493:4512:2100% 030
Ryan O'ReillyC2130013023:264:2002:21064% 4200
Tommy NovakC0000005019:162:5721:37157% 2101
Tyson BarrieD000-3005027:493:4502:2100% 010
Yakov TreninLW0000220218:462:5700:51050% 200
Dallas Stars
Player Name POS G A P +/- PIM HIT SHT SB MP PP MP PP SHT PK MP PK SHT FO% FOT GA TA
Alexander PetrovicD0000400021:110:0001:0700% 000
Craig SmithC0000000010:080:0001:16029% 701
Jamie BennLW0111017217:301:1914:110100% 201
Jani HakanpaaD0110231021:011:0103:5300% 002
Jason RobertsonLW1342032024:092:3905:04123% 1301
Joe PavelskiC2022012020:252:3901:41063% 810
Mason MarchmentLW000-1000011:510:0000:1600% 100
Matej BlumelRW0001011010:112:3900:0700% 000
Matt DucheneC000-1002011:540:0000:00073% 1110
Miro HeiskanenD0000019127:042:5701:3200% 012
Nils LundkvistD1012201217:092:5704:0200% 001
Radek FaksaC0001000011:060:0000:0000% 000
Roope HintzC1231024619:121:1911:41028% 2900
Ryan SuterD0000201021:101:0102:0200% 002
Sam SteelC0111011011:240:0000:00045% 1100
Thomas HarleyD0002001313:440:0003:4600% 000
Ty DellandreaC000001007:410:0000:0600% 000
Tyler SeguinC000-1012013:101:1900:000100% 100

Nashville Predators

5 vs 5 Forward
Line #Left WingCenterRight WingPHYDFOFWanted %Time %Time Play
1Filip ForsbergRyan O'ReillyColton Sissons1223835%16:35
2Yakov TreninTommy NovakLuke Evangelista1223431%14:36
3Cole SmithCody GlassDenis Gurianov1222324%11:24
4Mark JankowskiGustav NyquistMichael McCarron122511%5:09
5 vs 5 Defense
Line #DefenseDefensePHYDFOFWanted %Time %Time Play
1Roman JosiTyson Barrie1223940%19:18
2Luke SchennJeremy Lauzon1223333%15:39
3Dante FabbroAlexandre Carrier1222422%10:32
4Roman JosiTyson Barrie12245%2:15
Power Play Forward
Line #Left WingCenterRight WingPHYDFOFWanted %Time %Time Play
1Filip ForsbergRyan O'ReillyColton Sissons1226064%5:11
2Yakov TreninTommy NovakLuke Evangelista1224036%2:57
Power Play Defense
Line #DefenseDefensePHYDFOFWanted %Time %Time Play
1Roman JosiTyson Barrie1226046%3:45
2Luke SchennJeremy Lauzon1224054%4:23
Penalty Kill 4 Players Forward
Line #CenterWingPHYDFOFWanted %Time %Time Play
1Ryan O'ReillyFilip Forsberg1226059%2:21
2Tommy NovakYakov Trenin1224041%1:37
Penalty Kill 4 Players Defense
Line #DefenseDefensePHYDFOFWanted %Time %Time Play
1Roman JosiTyson Barrie1226059%2:21
2Luke SchennJeremy Lauzon1224041%1:37
Penalty Kill 3 Players
Line #WingPHYDFOFWanted %Time %Time PlayDefenseDefensePHYDFOFWanted %Time %Time Play
1Ryan O'Reilly122600%0:00 Roman JosiTyson Barrie122600%0:00
2Tommy Novak122400%0:00 Luke SchennJeremy Lauzon122400%0:00
4 vs 4 Forward
Line #CenterWingPHYDFOFWanted %Time %Time Play
1Ryan O'ReillyFilip Forsberg122600%0:00
2Tommy NovakYakov Trenin122400%0:00
4 vs 4 Defense
Line #DefensePHYDFOFWanted %Time %Time Play
1Roman JosiTyson Barrie122600%0:00
2Luke SchennJeremy Lauzon122400%0:00
Last Minutes Offensive
Left WingCenterRight WingDefenseDefense
Filip ForsbergRyan O'ReillyColton SissonsRoman JosiTyson Barrie
Last Minutes Defensive
Left WingCenterRight WingDefenseDefense
Filip ForsbergRyan O'ReillyColton SissonsRoman JosiTyson Barrie
Time
Total ForwardTotal DefenseLast Minutes OffensiveLast Minutes Defensive
60:00 60:00 0:100:00
Extra Forwards
Normal PowerPlayPenalty Kill
Cody Glass, Gustav Nyquist, Yakov TreninCody Glass, Gustav NyquistCody Glass
Extra Defensemen
Normal PowerPlayPenalty Kill
Jeremy Lauzon, Dante Fabbro, Alexandre CarrierJeremy Lauzon, Jeremy LauzonDante Fabbro
Penalty Shots
Filip Forsberg, Ryan O'Reilly, Tommy Novak, Colton Sissons, Cody Glass
Goalie
Juuse Saros, Kevin Lankinen
Custom OT Lines Forwards
Filip Forsberg, Ryan O'Reilly, Tommy Novak, Colton Sissons, Cody Glass, Gustav Nyquist, Yakov Trenin, Luke Evangelista, Cole Smith, Mark Jankowski
Custom OT Lines Defensemen
Roman Josi, Tyson Barrie, Luke Schenn, Jeremy Lauzon, Dante Fabbro
Scratches
Ryan McDonagh (Strained Groin Injury), Juuso Parssinen (Right Knee Injury), Kiefer Sherwood (Torn Right ACL Injury), Spencer Stastney (Healthy), Anton Stralman (Healthy)

Dallas Stars

5 vs 5 Forward
Line #Left WingCenterRight WingPHYDFOFWanted %Time %Time Play
1Jason RobertsonRoope HintzJoe Pavelski1224036%17:13
2Jamie BennSam SteelRadek Faksa1222524%11:22
3Mason MarchmentMatt DucheneTyler Seguin1222524%11:35
4Ty DellandreaCraig SmithMatej Blumel1221016%7:35
5 vs 5 Defense
Line #DefenseDefensePHYDFOFWanted %Time %Time Play
1Miro HeiskanenAlexander Petrovic1224043%20:46
2Jani HakanpaaRyan Suter1223031%14:43
3Thomas HarleyNils Lundkvist1222020%9:21
4Miro HeiskanenRyan Suter122106%2:55
Power Play Forward
Line #Left WingCenterRight WingPHYDFOFWanted %Time %Time Play
1Jason RobertsonJoe PavelskiMatej Blumel1226067%2:39
2Jamie BennRoope HintzTyler Seguin1224033%1:19
Power Play Defense
Line #DefenseDefensePHYDFOFWanted %Time %Time Play
1Miro HeiskanenNils Lundkvist1226074%2:57
2Jani HakanpaaRyan Suter1224026%1:01
Penalty Kill 4 Players Forward
Line #CenterWingPHYDFOFWanted %Time %Time Play
1Jason RobertsonJamie Benn1226072%4:33
2Joe PavelskiRoope Hintz1224028%1:48
Penalty Kill 4 Players Defense
Line #DefenseDefensePHYDFOFWanted %Time %Time Play
1Nils LundkvistAlexander Petrovic1226063%3:59
2Jani HakanpaaRyan Suter1224037%2:22
Penalty Kill 3 Players
Line #WingPHYDFOFWanted %Time %Time PlayDefenseDefensePHYDFOFWanted %Time %Time Play
1Jason Robertson1226072%1:17 Nils LundkvistMiro Heiskanen1226057%1:01
2Jamie Benn1224028%0:30 Jani HakanpaaRyan Suter1224043%0:46
4 vs 4 Forward
Line #CenterWingPHYDFOFWanted %Time %Time Play
1Jason RobertsonJamie Benn122600%0:00
2Joe PavelskiRoope Hintz122400%0:00
4 vs 4 Defense
Line #DefensePHYDFOFWanted %Time %Time Play
1Miro HeiskanenNils Lundkvist122600%0:00
2Jani HakanpaaRyan Suter122400%0:00
Last Minutes Offensive
Left WingCenterRight WingDefenseDefense
Jason RobertsonJoe PavelskiMatej BlumelMiro HeiskanenAlexander Petrovic
Last Minutes Defensive
Left WingCenterRight WingDefenseDefense
Jason RobertsonJoe PavelskiMatej BlumelMiro HeiskanenAlexander Petrovic
Time
Total ForwardTotal DefenseLast Minutes OffensiveLast Minutes Defensive
60:00 60:00 0:000:09
Extra Forwards
Normal PowerPlayPenalty Kill
Sam Steel, Ty Dellandrea, Craig SmithSam Steel, Ty DellandreaCraig Smith
Extra Defensemen
Normal PowerPlayPenalty Kill
Ryan Suter, Nils Lundkvist, Jani HakanpaaJani Hakanpaa, Nils LundkvistJani Hakanpaa
Penalty Shots
Jason Robertson, Jamie Benn, Joe Pavelski, Roope Hintz, Matt Duchene
Goalie
Jake Oettinger, Scott Wedgewood
Custom OT Lines Forwards
Jason Robertson, Jamie Benn, Joe Pavelski, Roope Hintz, Matt Duchene, Tyler Seguin, Radek Faksa, Mason Marchment, Sam Steel, Ty Dellandrea
Custom OT Lines Defensemen
Alexander Petrovic, Thomas Harley, Jani Hakanpaa, Ryan Suter, Nils Lundkvist
Scratches
Gavin Bayreuther (Suspend), Esa Lindell (Suspend), Derrick Pouliot (Healthy)


Play-by-Play

1st period


0:01 of 1st period - Ryan O'Reilly wins face-off versus Roope Hintz in neutral zone.
0:08 of 1st period - Snap shot by Roman Josi.
0:08 of 1st period - Stopped by Jake Oettinger without a rebound.
0:09 of 1st period - Joe Pavelski wins face-off versus Ryan O'Reilly in Dallas Stars zone.
0:13 of 1st period - Off-side.
0:14 of 1st period - Tommy Novak wins face-off versus Sam Steel in neutral zone.
0:19 of 1st period - Wrist shot by Tommy Novak.
0:19 of 1st period - Stopped by Jake Oettinger without a rebound.
0:20 of 1st period - Sam Steel wins face-off versus Luke Evangelista in Dallas Stars zone.
0:20 of 1st period - Sam Steel is hit by Luke Schenn.
0:32 of 1st period - Snap shot by Sam Steel.
0:32 of 1st period - Shot Misses the Net.
0:42 of 1st period - Minor Penalty to Yakov Trenin for Hooking.
0:43 of 1st period - Ryan O'Reilly wins face-off versus Joe Pavelski in Nashville Predators zone.
0:43 of 1st period - Ryan O'Reilly is hit by Matej Blumel.
0:50 of 1st period - Icing by Joe Pavelski.
0:51 of 1st period - Joe Pavelski wins face-off versus Ryan O'Reilly in Dallas Stars zone.
0:56 of 1st period - Ryan O'Reilly is hit by Jason Robertson and loses puck.
1:09 of 1st period - Slapshot by Joe Pavelski.
1:09 of 1st period - Shot Misses the Net.
1:25 of 1st period - Wrist shot by Joe Pavelski.
1:25 of 1st period - Shot Misses the Net.
1:51 of 1st period - Snap shot by Jason Robertson.
1:51 of 1st period - Shot Misses the Net.
2:15 of 1st period - Backhand shot by Joe Pavelski.
2:15 of 1st period - Shot Misses the Net.
2:42 of 1st period - Penalty to Yakov Trenin is over, Yakov Trenin is back on ice.
2:58 of 1st period - Wrist shot by Sam Steel.
2:58 of 1st period - Shot Blocked by Alexandre Carrier.
3:45 of 1st period - Slapshot by Luke Schenn.
3:45 of 1st period - Deflect By Mark Jankowski.
3:45 of 1st period - Shot Misses the Net.
3:45 of 1st period - Puck is out of play.
3:46 of 1st period - Gustav Nyquist wins face-off versus Craig Smith in Dallas Stars zone.
3:47 of 1st period - Wrist shot by Mark Jankowski.
3:47 of 1st period - Shot Misses the Net.
3:49 of 1st period - Slapshot by Alexandre Carrier.
3:49 of 1st period - Stopped by Jake Oettinger with a rebound.
3:51 of 1st period - Snap shot by Mark Jankowski.
3:51 of 1st period - Shot Misses the Net.
3:53 of 1st period - Slapshot by Alexandre Carrier.
3:53 of 1st period - Stopped by Jake Oettinger with a rebound.
3:55 of 1st period - Slapshot by Alexandre Carrier.
3:55 of 1st period - Deflect By Gustav Nyquist.
3:55 of 1st period - Shot Blocked by Thomas Harley.
3:55 of 1st period - Puck is out of play.
3:56 of 1st period - Matt Duchene wins face-off versus Tommy Novak in Dallas Stars zone.
4:30 of 1st period - Snap shot by Jamie Benn.
4:30 of 1st period - Stopped by Juuse Saros without a rebound.
4:31 of 1st period - Ryan O'Reilly wins face-off versus Roope Hintz in Nashville Predators zone.
4:58 of 1st period - Tyler Seguin is hit by Yakov Trenin and loses puck.
5:05 of 1st period - Slapshot by Luke Evangelista.
5:05 of 1st period - Shot Misses the Net.
5:27 of 1st period - Off-side.
5:28 of 1st period - Ryan O'Reilly wins face-off versus Roope Hintz in neutral zone.
6:25 of 1st period - Slapshot by Miro Heiskanen.
6:25 of 1st period - Shot Blocked by Yakov Trenin.
7:25 of 1st period - Snap shot by Jamie Benn.
7:25 of 1st period - Shot Blocked by Yakov Trenin.
7:35 of 1st period - Luke Schenn is hit by Jani Hakanpaa and loses puck.
7:56 of 1st period - Slapshot by Roope Hintz.
7:56 of 1st period - Shot Misses the Net.
8:53 of 1st period - Snap shot by Roope Hintz.
8:53 of 1st period - Stopped by Juuse Saros without a rebound.
8:54 of 1st period - Cody Glass wins face-off versus Roope Hintz in Nashville Predators zone.
9:01 of 1st period - Slapshot by Jason Robertson.
9:01 of 1st period - Shot Misses the Net.
9:03 of 1st period - Slapshot by Roope Hintz.
9:03 of 1st period - Shot Hit the Post.
9:05 of 1st period - Snap shot by Joe Pavelski.
9:05 of 1st period - Goal by Joe Pavelski - Nashville Predators : 0 - Dallas Stars : 1.
9:06 of 1st period - Ryan O'Reilly wins face-off versus Roope Hintz in neutral zone.
9:11 of 1st period - Snap shot by Tyson Barrie.
9:11 of 1st period - Shot Misses the Net.
9:13 of 1st period - Snap shot by Roman Josi.
9:13 of 1st period - Shot Misses the Net.
9:15 of 1st period - Slapshot by Roman Josi.
9:15 of 1st period - Stopped by Jake Oettinger without a rebound.
9:16 of 1st period - Roope Hintz wins face-off versus Ryan O'Reilly in Dallas Stars zone.
9:34 of 1st period - Off-side.
9:35 of 1st period - Matt Duchene wins face-off versus Cody Glass in neutral zone.
9:46 of 1st period - Wrist shot by Matt Duchene.
9:46 of 1st period - Stopped by Juuse Saros without a rebound.
9:47 of 1st period - Joe Pavelski wins face-off versus Colton Sissons in Nashville Predators zone.
10:23 of 1st period - Wrist shot by Tommy Novak.
10:23 of 1st period - Shot Misses the Net.
10:25 of 1st period - Slapshot by Jeremy Lauzon.
10:25 of 1st period - Shot Misses the Net.
11:59 of 1st period - Jani Hakanpaa is hit by Filip Forsberg and loses puck.
12:38 of 1st period - Slapshot by Matt Duchene.
12:38 of 1st period - Stopped by Juuse Saros without a rebound.
12:39 of 1st period - Ryan O'Reilly wins face-off versus Roope Hintz in Nashville Predators zone.
12:39 of 1st period - Ryan O'Reilly is hit by Roope Hintz.
12:55 of 1st period - Snap shot by Filip Forsberg.
12:55 of 1st period - Goal by Filip Forsberg - Nashville Predators : 1 - Dallas Stars : 1.
12:56 of 1st period - Ryan O'Reilly wins face-off versus Roope Hintz in neutral zone.
13:32 of 1st period - Snap shot by Jamie Benn.
13:32 of 1st period - Shot Blocked by Luke Evangelista.
13:46 of 1st period - Slapshot by Matt Duchene.
13:46 of 1st period - Shot Misses the Net.
13:48 of 1st period - Snap shot by Tyler Seguin.
13:48 of 1st period - Shot Misses the Net.
13:50 of 1st period - Wrist shot by Matt Duchene.
13:50 of 1st period - Shot Misses the Net.
14:06 of 1st period - Slapshot by Miro Heiskanen.
14:06 of 1st period - Stopped by Juuse Saros without a rebound.
14:07 of 1st period - Craig Smith wins face-off versus Gustav Nyquist in Nashville Predators zone.
14:22 of 1st period - Snap shot by Roman Josi.
14:22 of 1st period - Stopped by Jake Oettinger with a rebound.
15:02 of 1st period - Slapshot by Miro Heiskanen.
15:02 of 1st period - Stopped by Juuse Saros without a rebound.
15:03 of 1st period - Ryan O'Reilly wins face-off versus Jason Robertson in Nashville Predators zone.
15:16 of 1st period - Snap shot by Filip Forsberg.
15:16 of 1st period - Shot Misses the Net.
15:18 of 1st period - Snap shot by Ryan O'Reilly.
15:18 of 1st period - Shot Blocked by Roope Hintz.
15:20 of 1st period - Backhand shot by Dante Fabbro.
15:20 of 1st period - Shot Blocked by Roope Hintz.
15:37 of 1st period - Jani Hakanpaa is hit by Yakov Trenin and loses puck.
15:47 of 1st period - Icing by Cole Smith.
15:48 of 1st period - Roope Hintz wins face-off versus Cody Glass in Nashville Predators zone.
15:53 of 1st period - Snap shot by Joe Pavelski.
15:53 of 1st period - Shot Misses the Net.
16:21 of 1st period - Snap shot by Cody Glass.
16:21 of 1st period - Stopped by Jake Oettinger with a rebound.
16:23 of 1st period - Slapshot by Roman Josi.
16:23 of 1st period - Deflect By Ryan O'Reilly.
16:23 of 1st period - Stopped by Jake Oettinger without a rebound.
16:24 of 1st period - Sam Steel wins face-off versus Ryan O'Reilly in Dallas Stars zone.
16:26 of 1st period - Icing by Jamie Benn.
16:27 of 1st period - Ryan O'Reilly wins face-off versus Sam Steel in Dallas Stars zone.
16:28 of 1st period - Slapshot by Tyson Barrie.
16:28 of 1st period - Shot Misses the Net.
16:30 of 1st period - Snap shot by Tyson Barrie.
16:30 of 1st period - Stopped by Jake Oettinger without a rebound.
16:31 of 1st period - Roope Hintz wins face-off versus Ryan O'Reilly in Dallas Stars zone.
17:05 of 1st period - Snap shot by Ryan O'Reilly.
17:05 of 1st period - Shot Misses the Net.
17:07 of 1st period - Slapshot by Luke Schenn.
17:07 of 1st period - Deflect By Roope Hintz.
17:07 of 1st period - Stopped by Jake Oettinger with a rebound.
17:09 of 1st period - Wrist shot by Filip Forsberg.
17:09 of 1st period - Shot Blocked by Roope Hintz.
17:11 of 1st period - Snap shot by Ryan O'Reilly.
17:11 of 1st period - Shot Misses the Net.
17:13 of 1st period - Wrist shot by Colton Sissons.
17:13 of 1st period - Stopped by Jake Oettinger with a rebound.
17:15 of 1st period - Snap shot by Filip Forsberg.
17:15 of 1st period - Shot Misses the Net.
17:17 of 1st period - Slapshot by Jeremy Lauzon.
17:17 of 1st period - Stopped by Jake Oettinger with a rebound.
17:19 of 1st period - Snap shot by Ryan O'Reilly.
17:19 of 1st period - Shot Blocked by Miro Heiskanen.
17:21 of 1st period - Snap shot by Filip Forsberg.
17:21 of 1st period - Shot Misses the Net.
17:23 of 1st period - Slapshot by Jeremy Lauzon.
17:23 of 1st period - Shot Blocked by Roope Hintz.
17:25 of 1st period - Snap shot by Colton Sissons.
17:25 of 1st period - Stopped by Jake Oettinger with a rebound.
17:27 of 1st period - Snap shot by Ryan O'Reilly.
17:27 of 1st period - Goal by Ryan O'Reilly - Nashville Predators : 2 - Dallas Stars : 1.
17:28 of 1st period - Matt Duchene wins face-off versus Tommy Novak in neutral zone.
18:08 of 1st period - Slapshot by Sam Steel.
18:08 of 1st period - Stopped by Juuse Saros without a rebound.
18:09 of 1st period - Tommy Novak wins face-off versus Roope Hintz in Nashville Predators zone.
19:03 of 1st period - Snap shot by Jamie Benn.
19:03 of 1st period - Stopped by Juuse Saros without a rebound.
19:04 of 1st period - Sam Steel wins face-off versus Denis Gurianov in Nashville Predators zone.
19:09 of 1st period - Wrist shot by Jamie Benn.
19:09 of 1st period - Deflect By Tyson Barrie.
19:09 of 1st period - Shot Misses the Net.
19:09 of 1st period - Puck is out of play.
19:10 of 1st period - Tommy Novak wins face-off versus Roope Hintz in Nashville Predators zone.
19:41 of 1st period - Filip Forsberg is hit by Jamie Benn and loses puck.
Goals for this period are 2 for Nashville Predators vs 1 for Dallas Stars.
Shots for this period are 15 for Nashville Predators vs 9 for Dallas Stars.

2nd period


0:01 of 2nd period - Tommy Novak wins face-off versus Roope Hintz in neutral zone.
0:49 of 2nd period - Wrist shot by Jamie Benn.
0:49 of 2nd period - Shot Blocked by Jeremy Lauzon.
0:51 of 2nd period - Snap shot by Sam Steel.
0:51 of 2nd period - Shot Blocked by Cole Smith.
0:53 of 2nd period - Slapshot by Jamie Benn.
0:53 of 2nd period - Stopped by Juuse Saros without a rebound.
0:54 of 2nd period - Sam Steel wins face-off versus Tommy Novak in Nashville Predators zone.
1:01 of 2nd period - Slapshot by Tyson Barrie.
1:01 of 2nd period - Deflect By Jamie Benn.
1:01 of 2nd period - Stopped by Jake Oettinger without a rebound.
1:02 of 2nd period - Tommy Novak wins face-off versus Roope Hintz in Dallas Stars zone.
1:39 of 2nd period - Snap shot by Tyson Barrie.
1:39 of 2nd period - Shot Blocked by Jamie Benn.
1:47 of 2nd period - Snap shot by Yakov Trenin.
1:47 of 2nd period - Shot Hit the Post.
2:53 of 2nd period - Snap shot by Tyson Barrie.
2:53 of 2nd period - Shot Misses the Net.
3:08 of 2nd period - Minor Penalty to Alexander Petrovic for Hooking.
3:09 of 2nd period - Ryan O'Reilly wins face-off versus Jason Robertson in Dallas Stars zone.
3:51 of 2nd period - Ryan O'Reilly is hit by Roope Hintz and loses puck.
5:08 of 2nd period - Penalty to Alexander Petrovic is over, Alexander Petrovic is back on ice.
5:41 of 2nd period - Snap shot by Tyler Seguin.
5:41 of 2nd period - Shot Misses the Net.
6:09 of 2nd period - Slapshot by Miro Heiskanen.
6:09 of 2nd period - Stopped by Juuse Saros with a rebound.
7:24 of 2nd period - Yakov Trenin is hit by Miro Heiskanen and loses puck.
7:39 of 2nd period - Tyson Barrie is hit by Tyler Seguin and loses puck.
7:44 of 2nd period - Slapshot by Miro Heiskanen.
7:44 of 2nd period - Stopped by Juuse Saros without a rebound.
7:45 of 2nd period - Matt Duchene wins face-off versus Cody Glass in Nashville Predators zone.
7:48 of 2nd period - Wrist shot by Tyler Seguin.
7:48 of 2nd period - Stopped by Juuse Saros without a rebound.
7:49 of 2nd period - Cody Glass wins face-off versus Roope Hintz in Nashville Predators zone.
7:49 of 2nd period - Cody Glass is hit by Joe Pavelski.
9:09 of 2nd period - Wrist shot by Colton Sissons.
9:09 of 2nd period - Shot Misses the Net.
9:11 of 2nd period - Wrist shot by Filip Forsberg.
9:11 of 2nd period - Shot Blocked by Roope Hintz.
9:13 of 2nd period - Snap shot by Luke Schenn.
9:13 of 2nd period - Shot Blocked by Roope Hintz.
9:15 of 2nd period - Wrist shot by Colton Sissons.
9:15 of 2nd period - Shot Misses the Net.
9:47 of 2nd period - Backhand shot by Ryan Suter.
9:47 of 2nd period - Shot Misses the Net.
9:51 of 2nd period - Slapshot by Ryan Suter.
9:51 of 2nd period - Stopped by Juuse Saros without a rebound.
9:52 of 2nd period - Ryan O'Reilly wins face-off versus Roope Hintz in Nashville Predators zone.
9:56 of 2nd period - Icing by Filip Forsberg.
9:57 of 2nd period - Ryan O'Reilly wins face-off versus Jason Robertson in Nashville Predators zone.
10:08 of 2nd period - Slapshot by Filip Forsberg.
10:08 of 2nd period - Deflect By Colton Sissons.
10:08 of 2nd period - Shot Blocked by Thomas Harley.
10:08 of 2nd period - Puck is out of play.
10:09 of 2nd period - Jason Robertson wins face-off versus Ryan O'Reilly in Dallas Stars zone.
10:20 of 2nd period - Snap shot by Roope Hintz.
10:20 of 2nd period - Goal by Roope Hintz - Nashville Predators : 2 - Dallas Stars : 2.
10:21 of 2nd period - Ryan O'Reilly wins face-off versus Roope Hintz in neutral zone.
10:36 of 2nd period - Snap shot by Roope Hintz.
10:36 of 2nd period - Shot Misses the Net.
10:38 of 2nd period - Snap shot by Roope Hintz.
10:38 of 2nd period - Stopped by Juuse Saros without a rebound.
10:39 of 2nd period - Tommy Novak wins face-off versus Sam Steel in Nashville Predators zone.
10:49 of 2nd period - Snap shot by Tommy Novak.
10:49 of 2nd period - Shot Blocked by Jamie Benn.
11:09 of 2nd period - Off-side.
11:10 of 2nd period - Ryan O'Reilly wins face-off versus Joe Pavelski in neutral zone.
11:17 of 2nd period - Filip Forsberg is hit by Jason Robertson and loses puck.
11:28 of 2nd period - Snap shot by Jason Robertson.
11:28 of 2nd period - Goal by Jason Robertson - Nashville Predators : 2 - Dallas Stars : 3.
11:29 of 2nd period - Ryan O'Reilly wins face-off versus Roope Hintz in neutral zone.
11:36 of 2nd period - Slapshot by Roman Josi.
11:36 of 2nd period - Shot Misses the Net.
11:39 of 2nd period - Icing by Miro Heiskanen.
11:40 of 2nd period - Ryan O'Reilly wins face-off versus Roope Hintz in Dallas Stars zone.
11:57 of 2nd period - Slapshot by Tyson Barrie.
11:57 of 2nd period - Stopped by Jake Oettinger with a rebound.
12:30 of 2nd period - Minor Penalty to Nils Lundkvist for Roughing.
12:31 of 2nd period - Jason Robertson wins face-off versus Ryan O'Reilly in Dallas Stars zone.
12:42 of 2nd period - Minor Penalty to Jani Hakanpaa for Delaying the game.
12:43 of 2nd period - Ryan O'Reilly wins face-off versus Jason Robertson in Dallas Stars zone.
12:47 of 2nd period - Wrist shot by Filip Forsberg.
12:47 of 2nd period - Shot Misses the Net.
12:49 of 2nd period - Wrist shot by Colton Sissons.
12:49 of 2nd period - Shot Blocked by Thomas Harley.
12:51 of 2nd period - Snap shot by Ryan O'Reilly.
12:51 of 2nd period - Shot Misses the Net.
12:53 of 2nd period - Slapshot by Roman Josi.
12:53 of 2nd period - Deflect By Miro Heiskanen.
12:53 of 2nd period - Stopped by Jake Oettinger without a rebound.
12:54 of 2nd period - Ryan O'Reilly wins face-off versus Jason Robertson in Dallas Stars zone.
13:31 of 2nd period - Snap shot by Tommy Novak.
13:31 of 2nd period - Stopped by Jake Oettinger with a rebound.
13:43 of 2nd period - Snap shot by Jason Robertson.
13:43 of 2nd period - Stopped by Juuse Saros without a rebound.
13:44 of 2nd period - Jamie Benn wins face-off versus Ryan O'Reilly in Nashville Predators zone.
14:30 of 2nd period - Penalty to Nils Lundkvist is over, Nils Lundkvist is back on ice.
14:42 of 2nd period - Penalty to Jani Hakanpaa is over, Jani Hakanpaa is back on ice.
15:17 of 2nd period - Snap shot by Jamie Benn.
15:17 of 2nd period - Shot Misses the Net.
15:19 of 2nd period - Snap shot by Jani Hakanpaa.
15:19 of 2nd period - Deflect By Jamie Benn.
15:19 of 2nd period - Stopped by Juuse Saros without a rebound.
15:20 of 2nd period - Matt Duchene wins face-off versus Ryan O'Reilly in Nashville Predators zone.
15:23 of 2nd period - Wrist shot by Matt Duchene.
15:23 of 2nd period - Shot Misses the Net.
15:27 of 2nd period - Slapshot by Miro Heiskanen.
15:27 of 2nd period - Stopped by Juuse Saros without a rebound.
15:28 of 2nd period - Tyler Seguin wins face-off versus Ryan O'Reilly in Nashville Predators zone.
15:45 of 2nd period - Slapshot by Roman Josi.
15:45 of 2nd period - Stopped by Jake Oettinger without a rebound.
15:46 of 2nd period - Roope Hintz wins face-off versus Tommy Novak in Dallas Stars zone.
15:50 of 2nd period - Off-side.
15:51 of 2nd period - Roope Hintz wins face-off versus Tommy Novak in neutral zone.
17:20 of 2nd period - Slapshot by Miro Heiskanen.
17:20 of 2nd period - Stopped by Juuse Saros with a rebound.
17:22 of 2nd period - Slapshot by Craig Smith.
17:22 of 2nd period - Deflect By Matej Blumel.
17:22 of 2nd period - Shot Misses the Net.
17:22 of 2nd period - Puck is out of play.
17:23 of 2nd period - Roope Hintz wins face-off versus Tommy Novak in Nashville Predators zone.
17:37 of 2nd period - Minor Penalty to Ryan Suter for Delaying the game.
17:38 of 2nd period - Jason Robertson wins face-off versus Tommy Novak in Dallas Stars zone.
17:46 of 2nd period - Slapshot by Jamie Benn.
17:46 of 2nd period - Shot Misses the Net.
17:49 of 2nd period - Icing by Luke Schenn.
17:50 of 2nd period - Tommy Novak wins face-off versus Jason Robertson in Nashville Predators zone.
18:25 of 2nd period - Wrist shot by Luke Evangelista.
18:25 of 2nd period - Shot Blocked by Nils Lundkvist.
18:27 of 2nd period - Slapshot by Luke Schenn.
18:27 of 2nd period - Deflect By Tommy Novak.
18:27 of 2nd period - Stopped by Jake Oettinger without a rebound.
18:28 of 2nd period - Ryan O'Reilly wins face-off versus Jason Robertson in Dallas Stars zone.
19:37 of 2nd period - Penalty to Ryan Suter is over, Ryan Suter is back on ice.
Goals for this period are 0 for Nashville Predators vs 2 for Dallas Stars.
Shots for this period are 6 for Nashville Predators vs 12 for Dallas Stars.

3rd period


0:01 of 3rd period - Ryan O'Reilly wins face-off versus Roope Hintz in neutral zone.
0:22 of 3rd period - Minor Penalty to Alexander Petrovic for High sticking.
0:23 of 3rd period - Ryan O'Reilly wins face-off versus Jason Robertson in Dallas Stars zone.
0:24 of 3rd period - Slapshot by Roman Josi.
0:24 of 3rd period - Shot Misses the Net.
1:51 of 3rd period - Icing by Luke Evangelista.
1:52 of 3rd period - Yakov Trenin wins face-off versus Jason Robertson in Nashville Predators zone.
2:09 of 3rd period - Tyson Barrie is hit by Jani Hakanpaa and loses puck.
2:22 of 3rd period - Penalty to Alexander Petrovic is over, Alexander Petrovic is back on ice.
2:30 of 3rd period - Snap shot by Cody Glass.
2:30 of 3rd period - Shot Misses the Net.
2:32 of 3rd period - Snap shot by Alexandre Carrier.
2:32 of 3rd period - Deflect By Matt Duchene.
2:32 of 3rd period - Stopped by Jake Oettinger without a rebound.
2:33 of 3rd period - Cody Glass wins face-off versus Sam Steel in Dallas Stars zone.
3:00 of 3rd period - Alexandre Carrier is hit by Jason Robertson and loses puck.
3:24 of 3rd period - Icing by Denis Gurianov.
3:25 of 3rd period - Ryan O'Reilly wins face-off versus Matt Duchene in Nashville Predators zone.
4:18 of 3rd period - Snap shot by Matej Blumel.
4:18 of 3rd period - Stopped by Juuse Saros without a rebound.
4:19 of 3rd period - Craig Smith wins face-off versus Ryan O'Reilly in Nashville Predators zone.
4:23 of 3rd period - Minor Penalty to Luke Schenn for Hooking.
4:24 of 3rd period - Joe Pavelski wins face-off versus Ryan O'Reilly in Nashville Predators zone.
5:06 of 3rd period - Off-side.
5:07 of 3rd period - Tommy Novak wins face-off versus Roope Hintz in neutral zone.
6:02 of 3rd period - Wrist shot by Roope Hintz.
6:02 of 3rd period - Stopped by Juuse Saros without a rebound.
6:03 of 3rd period - Roope Hintz wins face-off versus Tommy Novak in Nashville Predators zone.
6:04 of 3rd period - Snap shot by Jamie Benn.
6:04 of 3rd period - Stopped by Juuse Saros without a rebound.
6:05 of 3rd period - Tommy Novak wins face-off versus Roope Hintz in Nashville Predators zone.
6:14 of 3rd period - Wrist shot by Tommy Novak.
6:14 of 3rd period - Stopped by Jake Oettinger with a rebound.
6:23 of 3rd period - Penalty to Luke Schenn is over, Luke Schenn is back on ice.
6:30 of 3rd period - Cole Smith is hit by Jani Hakanpaa and loses puck.
6:35 of 3rd period - Slapshot by Miro Heiskanen.
6:35 of 3rd period - Deflect By Tyson Barrie.
6:35 of 3rd period - Stopped by Juuse Saros without a rebound.
6:36 of 3rd period - Ryan O'Reilly wins face-off versus Craig Smith in Nashville Predators zone.
6:49 of 3rd period - Snap shot by Filip Forsberg.
6:49 of 3rd period - Stopped by Jake Oettinger without a rebound.
6:50 of 3rd period - Ryan O'Reilly wins face-off versus Roope Hintz in Dallas Stars zone.
7:23 of 3rd period - Off-side.
7:24 of 3rd period - Sam Steel wins face-off versus Yakov Trenin in neutral zone.
7:53 of 3rd period - Slapshot by Tyson Barrie.
7:53 of 3rd period - Stopped by Jake Oettinger without a rebound.
7:54 of 3rd period - Roope Hintz wins face-off versus Ryan O'Reilly in Dallas Stars zone.
7:54 of 3rd period - Roope Hintz is hit by Colton Sissons.
8:08 of 3rd period - Snap shot by Jason Robertson.
8:08 of 3rd period - Shot Blocked by Luke Schenn.
8:10 of 3rd period - Snap shot by Roope Hintz.
8:10 of 3rd period - Shot Misses the Net.
8:27 of 3rd period - Wrist shot by Jamie Benn.
8:27 of 3rd period - Stopped by Juuse Saros with a rebound.
8:29 of 3rd period - Snap shot by Nils Lundkvist.
8:29 of 3rd period - Deflect By Jeremy Lauzon.
8:29 of 3rd period - Goal by Nils Lundkvist - Nashville Predators : 2 - Dallas Stars : 4.
8:30 of 3rd period - Colton Sissons wins face-off versus Jason Robertson in neutral zone.
8:33 of 3rd period - Slapshot by Tyson Barrie.
8:33 of 3rd period - Shot Misses the Net.
9:33 of 3rd period - Snap shot by Roope Hintz.
9:33 of 3rd period - Shot Misses the Net.
9:35 of 3rd period - Slapshot by Jani Hakanpaa.
9:35 of 3rd period - Stopped by Juuse Saros without a rebound.
9:36 of 3rd period - Tommy Novak wins face-off versus Sam Steel in Nashville Predators zone.
10:12 of 3rd period - Slapshot by Tyler Seguin.
10:12 of 3rd period - Stopped by Juuse Saros without a rebound.
10:13 of 3rd period - Cody Glass wins face-off versus Sam Steel in Nashville Predators zone.
10:26 of 3rd period - Wrist shot by Cody Glass.
10:26 of 3rd period - Stopped by Jake Oettinger without a rebound.
10:27 of 3rd period - Tommy Novak wins face-off versus Matt Duchene in Dallas Stars zone.
11:17 of 3rd period - Off-side.
11:18 of 3rd period - Tommy Novak wins face-off versus Craig Smith in neutral zone.
11:23 of 3rd period - Snap shot by Tommy Novak.
11:23 of 3rd period - Stopped by Jake Oettinger with a rebound.
11:33 of 3rd period - Snap shot by Luke Evangelista.
11:33 of 3rd period - Stopped by Jake Oettinger without a rebound.
11:34 of 3rd period - Ryan O'Reilly wins face-off versus Roope Hintz in Dallas Stars zone.
12:00 of 3rd period - Alexander Petrovic is hit by Dante Fabbro and loses puck.
12:56 of 3rd period - Wrist shot by Gustav Nyquist.
12:56 of 3rd period - Shot Misses the Net.
12:58 of 3rd period - Backhand shot by Michael McCarron.
12:58 of 3rd period - Shot Misses the Net.
13:00 of 3rd period - Wrist shot by Michael McCarron.
13:00 of 3rd period - Shot Misses the Net.
13:24 of 3rd period - Ryan Suter is hit by Ryan O'Reilly and loses puck.
13:41 of 3rd period - Roman Josi is hit by Sam Steel and loses puck.
14:07 of 3rd period - Slapshot by Roman Josi.
14:07 of 3rd period - Stopped by Jake Oettinger without a rebound.
14:08 of 3rd period - Ryan O'Reilly wins face-off versus Joe Pavelski in Dallas Stars zone.
15:15 of 3rd period - Icing by Sam Steel.
15:16 of 3rd period - Gustav Nyquist wins face-off versus Craig Smith in Dallas Stars zone.
15:19 of 3rd period - Snap shot by Gustav Nyquist.
15:19 of 3rd period - Deflect By Miro Heiskanen.
15:19 of 3rd period - Stopped by Jake Oettinger without a rebound.
15:20 of 3rd period - Gustav Nyquist wins face-off versus Craig Smith in Dallas Stars zone.
15:59 of 3rd period - Michael McCarron is hit by Ty Dellandrea and loses puck.
17:12 of 3rd period - Slapshot by Miro Heiskanen.
17:12 of 3rd period - Stopped by Juuse Saros without a rebound.
17:13 of 3rd period - Cole Smith wins face-off versus Matt Duchene in Nashville Predators zone.
17:52 of 3rd period - Snap shot by Jamie Benn.
17:52 of 3rd period - Shot Misses the Net.
18:00 of 3rd period - Slapshot by Roman Josi.
18:00 of 3rd period - Shot Misses the Net.
18:06 of 3rd period - Joe Pavelski is hit by Cody Glass and loses puck.
18:14 of 3rd period - Off-side.
18:15 of 3rd period - Ryan O'Reilly wins face-off versus Mason Marchment in neutral zone.
18:20 of 3rd period - Snap shot by Ryan O'Reilly.
18:20 of 3rd period - Goal by Ryan O'Reilly - Nashville Predators : 3 - Dallas Stars : 4.
18:21 of 3rd period - Matt Duchene wins face-off versus Ryan O'Reilly in neutral zone.
18:52 of 3rd period - Off-side.
18:53 of 3rd period - Vojtech Svarc call a timeout for Nashville Predators.
18:53 of 3rd period - Joe Pavelski wins face-off versus Ryan O'Reilly in neutral zone.
18:56 of 3rd period - Snap shot by Joe Pavelski.
18:56 of 3rd period - Goal by Joe Pavelski - Nashville Predators : 3 - Dallas Stars : 5.
18:57 of 3rd period - Matt Duchene wins face-off versus Cody Glass in neutral zone.
19:00 of 3rd period - Slapshot by Miro Heiskanen.
19:00 of 3rd period - Stopped by Juuse Saros without a rebound.
19:01 of 3rd period - Matt Duchene wins face-off versus Denis Gurianov in Nashville Predators zone.
19:16 of 3rd period - Slapshot by Miro Heiskanen.
19:16 of 3rd period - Shot Blocked by Denis Gurianov.
19:18 of 3rd period - Slapshot by Alexander Petrovic.
19:18 of 3rd period - Deflect By Matt Duchene.
19:18 of 3rd period - Shot Blocked by Roman Josi.
19:18 of 3rd period - Puck is out of play.
19:19 of 3rd period - Jamie Benn wins face-off versus Tommy Novak in Nashville Predators zone.
19:20 of 3rd period - Snap shot by Sam Steel.
19:20 of 3rd period - Shot Blocked by Dante Fabbro.
19:22 of 3rd period - Snap shot by Thomas Harley.
19:22 of 3rd period - Stopped by Juuse Saros with a rebound.
19:34 of 3rd period - Snap shot by Sam Steel.
19:34 of 3rd period - Deflect By Jamie Benn.
19:34 of 3rd period - Stopped by Juuse Saros with a rebound.
19:36 of 3rd period - Snap shot by Radek Faksa.
19:36 of 3rd period - Shot Misses the Net.
19:52 of 3rd period - Radek Faksa is hit by Roman Josi and loses puck.
19:57 of 3rd period - Slapshot by Tyson Barrie.
19:57 of 3rd period - Shot Blocked by Nils Lundkvist.
19:59 of 3rd period - Slapshot by Tyson Barrie.
19:59 of 3rd period - Stopped by Jake Oettinger without a rebound.
Goals for this period are 1 for Nashville Predators vs 2 for Dallas Stars.
Shots for this period are 11 for Nashville Predators vs 13 for Dallas Stars.